[Event "82nd Brazilian-ch 2015"]
[Site "Rio de Janeiro"]
[Date "2016.01.17"]
[Round "11"]
[White "Santiago, Yago De Moura"]
[Black "Souza, Rafael Cabral de"]
[Result "1-0"]
[ECO "E63"]
[WhiteElo "2422"]
[BlackElo "2159"]
[PlyCount "117"]
[EventDate "2016.??.??"]
[EventCountry "BRA"]
[TimeControl "5400+30"]

1. d4 Nf6 2. c4 g6 3. Nc3 Bg7 4. Nf3 d6 5. g3 O-O 6. Bg2 Nc6 7. O-O a6 8. b3
Re8 9. Nd5 Ne4 10. Bb2 e6 11. Nc3 Nf6 12. d5 exd5 13. cxd5 Ne5 14. Nd4 Ned7 15.
Rc1 h5 16. Qc2 Re7 17. Nd1 Nf8 18. e4 N8h7 19. f4 Qe8 20. Nf2 Ng4 21. Nxg4 hxg4
22. Rce1 Nf6 23. e5 Nh7 24. e6 fxe6 25. Nxe6 Bxe6 26. Bxg7 Kxg7 27. dxe6 c6 28.
f5 Nf6 29. Qd2 gxf5 30. Rxf5 Nh7 31. Qd4+ Kg8 32. Qxg4+ Rg7 33. Qf4 Qe7 34. Rf7
Rxf7 35. exf7+ Qxf7 36. Qxd6 Rf8 37. Rf1 Nf6 38. g4 Qg7 39. Qe6+ Kh8 40. Qe5
Kg8 41. g5 Nh5 42. Rxf8+ Qxf8 43. Bh3 Ng7 44. Bg4 Qb4 45. Be6+ Nxe6 46. Qxe6+
Kg7 47. Qf6+ Kg8 48. g6 Qe1+ 49. Kg2 Qe4+ 50. Kg3 Qe1+ 51. Kg4 Qe4+ 52. Kg5
Qd5+ 53. Kf4 Qd2+ 54. Kf5 Qd5+ 55. Qe5 Qd3+ 56. Qe4 Qh3+ 57. Kf6 Qf1+ 58. Qf5
Qa1+ 59. Ke7 1-0